 Dungeon Crawl Stone Soup version 0.30-a0-165-g1891117ce2 (webtiles) character file.

Game seed: 6625480713416512240

2009 Flugkiller the Grappler (level 9, 0/82 HPs)
             Began as a Meteoran Chaos Knight on Sept 28, 2022.
             Was a Plaything of Xom.
             Slain by an iguana (8 damage)
             ... on level 7 of the Dungeon.
             The game lasted 00:11:35 (2725 turns).

Flugkiller the Grappler (Meteoran Chaos Knight)     Turns: 2725, Time: 00:11:35

Health: 0/82       AC: 10    Str: 16    XL:     9   Next: 74%
Magic:  10/10      EV:  9    Int: 16    God:    Xom [..*...]
Gold:   277        SH:  5    Dex: 14    Spells: 8/8 levels left

rFire   . . .      SeeInvis .      - Unarmed
rCold   . . .      Faith    .    l - +0 buckler
rNeg    . . .      Spirit   .    r - +2 scale mail {rPois}
rPois   +          Reflect  .    c - +1 helmet
rElec   .          Harm     .    (no cloak)
rCorr   .          Rampage  .    (no gloves)
Will    +....                    (no boots)
Stlth   ..........               h - amulet of the acrobat
HPRegen 0.23/turn                (no ring)
MPRegen 0.12/turn                (no ring)

@: mighty, glowing
A: sense surroundings 2, otherworldly, glowing, explore regen, inability to
drink after injury 1
a: Renounce Religion


You were on level 7 of the Dungeon.
You worshipped Xom.
You were a toy of Xom.
You visited 1 branch of the dungeon, and saw 7 of its levels.

You collected 277 gold pieces.

Inventory:

Missiles
 k - 3 poisoned darts
Armour
 a - a +2 leather armour
 c - a +1 helmet (worn)
   (You found it on level 1 of the Dungeon)
 f - a +0 chain mail
   (You found it on level 1 of the Dungeon)
 l - a +0 buckler (worn)
   (You found it on level 2 of the Dungeon)
 r - a +2 scale mail of poison resistance (worn)
   (You found it on level 7 of the Dungeon)
Jewellery
 h - an amulet of the acrobat (around neck)
   (You found it on level 2 of the Dungeon)
Wands
 g - a wand of polymorph (7)
   (You found it on level 6 of the Dungeon)
 o - a wand of iceblast (9)
   (You found it on level 7 of the Dungeon)
Scrolls
 j - a scroll of torment
 m - 2 scrolls of enchant weapon
 s - a scroll of magic mapping
 t - a scroll of teleportation
 v - a scroll of butterflies
Potions
 d - 2 potions of might
 e - a potion of cancellation
 i - a potion of mutation
 n - 3 potions of brilliance
 p - a potion of magic {unknown}
 q - 3 potions of curing
 u - a potion of lignification {unknown}
 w - a potion of invisibility {unknown}
Miscellaneous
 b - a piece from Xom's chessboard (10/15) (quivered)


   Skills:
 + Level 8.6 Fighting
 - Level 2.4 Armour
 - Level 1.2 Dodging
 - Level 4.0 Shields
 + Level 10.1 Unarmed Combat
 - Level 4.0 Evocations


You had 8 spell levels left.
You didn't know any spells.
Your spell library contained the following spells:

 Spells                   Type           Power      Damage    Failure   Level
 Kiss of Death            Conj/Necr      0%         2d5       75%         1
 Magic Dart               Conj           0%         1d3       75%         1
 Call Imp                 Summ           0%         N/A       87%         2
 Confusing Touch          Hex            0%         N/A       98%         3
 Gell's Gravitas          Tloc           0%         N/A       98%         3
 Mephitic Cloud           Conj/Pois/Air  0%         N/A       98%         3
 Teleport Other           Tloc           0%         N/A       98%         3
 Dispel Undead            Necr           0%         3d6       100%        4
 Dispersal                Tloc           0%         N/A       100%        6


Dungeon Overview and Level Annotations

Branches:
Dungeon (7/15) Zot: 1524   Temple (0/1) D:4

Altars:
Fedhas


Innate Abilities, Weirdness & Mutations

You passively map the area around you.
You are easily found by Zot.
You glow in the dark.
You regain HP and MP as you explore.
You occasionally lose the ability to drink potions when taking damage.


Message History

There is an open door here.
Found 18 gold pieces and a scroll of identify.
r - 2 scrolls of identify (gained 1)
You now have 277 gold pieces (gained 18).
There is an open door here.
You see here a +0 long sword.
You see here a hound skeleton.
There is a stone staircase leading down here.
You climb downwards.
There is a stone staircase leading up here.
As you read the scroll of identify, it crumbles to dust.
v - a scroll of teleportation;
t - a scroll of teleportation
v - a scroll of butterflies
As you read the scroll of identify, it crumbles to dust.
i - a potion of mutation
Found a shiny scale mail.
You see here a +2 scale mail of poison resistance.
r - a +2 scale mail of poison resistance You start removing your armour.
You continue taking off your +2 leather armour. x4
You finish taking off your +2 leather armour.
You start putting on your armour.
You continue putting on your +2 scale mail of poison resistance. x5
You finish putting on your +2 scale mail of poison resistance.
You feel resistant to poison.
A sky beast comes into view.
You block the sky beast's attack.
You closely miss the sky beast. The sky beast closely misses you.
You hit the sky beast but do no damage. The sky beast completely misses you.
You closely miss the sky beast. The sky beast barely misses you.
You punch the sky beast!
The sky beast is moderately wounded.
The sky beast hits you. The sky beast shocks you.
You punch the sky beast!
The sky beast is severely wounded.
The sky beast barely misses you.
You closely miss the sky beast.
The sky beast is severely wounded.
The sky beast hits you. The sky beast shocks you.
You hit the sky beast.
The sky beast is almost dead.
The sky beast hits you. The sky beast shocks you.
You hit the sky beast but do no damage.
The sky beast is almost dead.
You hit the sky beast but do no damage.
The sky beast is almost dead.
The sky beast hits you but does no damage.
You punch the sky beast!
You kill the sky beast!
A wyvern and an iguana come into view.
The wyvern hisses angrily.
The iguana hisses angrily.
The iguana moves out of view.
A shadow imp comes into view.
Found a scroll of identify.
The shadow imp shouts, "Away with thee, thou reeling-ripe dread-bolted jarkman!"
The wyvern bites you! You block the wyvern's attack.
You closely miss the wyvern. The wyvern bites you!
The iguana attacks as you move away! The iguana barely misses you.
The iguana attacks as you move away! The iguana completely misses you.
The wyvern barely misses you. The wyvern completely misses you.
You block the wyvern's attack.
You hit the wyvern.
The wyvern is lightly wounded.
The wyvern bites you!
You hit the wyvern.
The wyvern is moderately wounded.
The wyvern bites you!
You closely miss the wyvern.
The wyvern is moderately wounded.
Xom smirks.
You feel aware of your surroundings. The wyvern bites you!
The wyvern bites you but does no damage.
Okay, then.
You feel very mighty all of a sudden. The wyvern bites you!
* * * LOW HITPOINT WARNING * * *
You barely miss the wyvern.
The wyvern is moderately wounded.
The wyvern bites you but does no damage.
You punch the wyvern!
The wyvern is severely wounded.
You block the wyvern's attack.
The shadow imp shouts, "Quit, thou quaking half-faced serf!"
The wyvern bites you but does no damage.
You barely miss the wyvern.
The wyvern is severely wounded.
The wyvern bites you!
* * * LOW HITPOINT WARNING * * *
You punch the wyvern!
You kill the wyvern!
Your piece from Xom's chessboard (10/15) has regained one charge.
Your Unarmed Combat skill increases to level 10!
You punch the iguana!
The iguana is heavily wounded.
The iguana bites you!
* * * LOW HITPOINT WARNING * * *
You barely miss the iguana.
The iguana is heavily wounded.
The iguana bites you!
You die...

#.# #.#..##.
####.# #.#.....
#....# #.##.##.
#.#### #.##.##.
#.# #.#*.##.
#.# #.#* ## #.#
****, ** #.#
*5,, ,** #@# *
,, , ,l, #l# *
.#,**** *
#5####..#.
#........?,,l
##........* * ,
*#...#..##**, *
** * *.......#
* , *,,,,
........# **
*,***##......##


You could see an iguana and a shadow imp.

Vanquished Creatures
  A wyvern (D:7)
  3 water moccasins
  An ice beast (D:5)
  2 sky beasts
  A black bear (D:6)
  2 ogres
  A centaur (D:5)
  2 phantoms (D:5)
  A bullfrog (D:6)
  A necrophage (D:5)
  A scorpion (D:5)
  5 killer bees (D:6)
  2 hounds (D:6)
  A jelly (D:6)
  5 iguanas (D:6)
  5 adders
  2 white imps
  4 ufetubi
  2 worms (D:2)
  2 dart slugs
  10 orcs
  9 ball pythons
  6 endoplasms
  2 giant cockroaches
  2 hobgoblins (D:1)
  8 jackals
  3 quokkas
  3 bats (D:2)
  2 frilled lizards
  5 goblins
  9 kobolds
  5 rats
108 creatures vanquished.

Vanquished Creatures (collateral kills)
  2 orcs (D:4)
2 creatures vanquished.

Grand Total: 110 creatures vanquished

Notes
Turn   | Place    | Note
-------+----------+-------------------------------------------
     0 | D:1      | Flugkiller the Meteoran Chaos Knight began the quest for
                  | the Orb.
     0 | D:1      | Reached XP level 1. HP: 19/19 MP: 2/2
    14 | D:1      | XOM: silly message
    78 | D:1      | Reached skill level 4 in Unarmed Combat
   103 | D:1      | Reached XP level 2. HP: 26/26 MP: 3/3
   141 | D:1      | XOM: stat loss: -1 Str (12/13)
   164 | D:1      | Reached XP level 3. HP: 29/31 MP: 4/4
   188 | D:1      | XOM: 8-stop teleportation journey
   213 | D:1      | Reached skill level 5 in Unarmed Combat
   517 | D:2      | Reached XP level 4. HP: 37/38 MP: 5/5
   560 | D:2      | XOM: swap monsters
   615 | D:2      | XOM: 5-stop teleportation journey
   661 | D:2      | XOM: give mutations
   661 | D:2      | Gained mutation: You expend magic power (3 MP) to
                  | strengthen your wands. [Xom's mischief]
   661 | D:2      | Lost mutation: You expend magic power (3 MP) to strengthen
                  | your wands. [Xom's mischief]
   661 | D:2      | Gained mutation: You occasionally lose the ability to drink
                  | potions when taking damage. [Xom's mischief]
   893 | D:3      | Reached skill level 1 in Shields
   910 | D:3      | XOM: silly message
  1098 | D:3      | Reached XP level 5. HP: 44/46 MP: 6/6
  1155 | D:3      | XOM: summons 2 hostile demons
  1174 | D:3      | XOM: butterfly on damage
  1232 | D:3      | XOM is BORED!
  1232 | D:3      | XOM: summons 4 hostile shadow creatures
  1299 | D:4      | Found a staircase to the Ecumenical Temple.
  1339 | D:4      | Noticed a black bear
  1362 | D:4      | XOM: summons friendly iron imp
  1365 | D:4      | XOM: noise
  1367 | D:5      | Entered Level 5 of the Dungeon
  1375 | D:5      | XOM: smoke on damage
  1387 | D:5      | XOM: smoke on damage
  1399 | D:5      | XOM: silly message
  1403 | D:5      | Reached skill level 6 in Unarmed Combat
  1403 | D:5      | Reached XP level 6. HP: 18/52 MP: 7/7
  1434 | D:5      | Noticed an ogre
  1451 | D:5      | XOM: silly message
  1463 | D:5      | XOM: noise
  1470 | D:5      | Killed an ogre
  1517 | D:5      | Reached XP level 7. HP: 43/56 MP: 8/8
  1547 | D:5      | XOM: chaos upgrade
  1548 | D:5      | XOM: confusion (+ monsters)
  1598 | D:6      | You fall into a shaft and drop 1 floor!
  1620 | D:6      | Found a blossoming altar of Fedhas.
  1651 | D:7      | Noticed a water moccasin
  1651 | D:7      | XOM: divination: detect creatures
  1656 | D:7      | XOM: enchant monster (good)
  1664 | D:7      | Killed a water moccasin
  1678 | D:6      | Noticed a water moccasin
  1701 | D:6      | Killed a water moccasin
  1862 | D:6      | Reached skill level 5 in Fighting
  1862 | D:6      | Reached XP level 8. HP: 17/68 MP: 9/9
  1867 | D:6      | Reached skill level 7 in Unarmed Combat
  2020 | D:5      | Reached skill level 8 in Unarmed Combat
  2107 | D:5      | XOM: silly message
  2137 | D:5      | Gained mutation: You passively map the area around you.
                  | [Meteoran growth]
  2137 | D:5      | Reached XP level 9. HP: 50/79 MP: 10/10
  2194 | D:6      | XOM: noise
  2226 | D:6      | XOM: potion effect (haste)
  2231 | D:6      | XOM: cast spell 'Olgreb's Toxic Radiance'
  2306 | D:6      | Reached skill level 9 in Unarmed Combat
  2390 | D:6      | XOM: divination: detect items
  2452 | D:6      | XOM: silly message
  2488 | D:6      | XOM: noise
  2718 | D:7      | XOM: divination: magic mapping
  2724 | D:7      | Reached skill level 10 in Unarmed Combat
  2725 | D:7      | Slain by an iguana

Illustrated notes

Levels and vault maps discovered:
D:1:      dpeg_arrival_shelter, layout_rooms, minmay_close_crescents
D:2:      layout_basic, minmay_misc_feat_columns, nrook_mini_vaults
D:3:      layout_loops_corners, minmay_misc_feat_rugged,
          kennysheep_generic_room_5, uniq_robin
D:4:      layout_gridville, minmay_temple_entry_butterflies, due_unseen_surprise
D:5:      layout_basic
D:6:      minmay_razor_zed, layout_rooms, nicolae_overflow_hidden_temple
D:7:      layout_loops_ring

Skill      XL: |  1  2  3  4  5  6  7  8  9 |
---------------+----------------------------+-----
Unarmed Combat | 4 5 6 8 10 | 10.1
Shields        | 1 2 3 4 |  4.0
Fighting       | 4 5 7 8 |  8.6
Evocations     | 4 |  4.0
Armour         | |  2.4
Dodging        | |  1.2

Action                   |  1- 3 |  4- 6 |  7- 9 || total
-------------------------+-------+-------+-------++-------
Melee: Unarmed           |   103 |   178 |   201 ||   482
       Punch             |     2 |       |       ||     2
Evoke: Piece from Xom's  |       |    10 |     5 ||    15
       Wand              |       |       |     6 ||     6
  Use: Scroll            |       |     5 |     5 ||    10
       Potion            |       |     2 |     3 ||     5
Armor: Leather armour    |    43 |    70 |    56 ||   169
       Scale mail        |       |       |     4 ||     4
Dodge: Dodged            |    66 |   110 |   133 ||   309
Block: Buckler           |     2 |    46 |    48 ||    96

Table legend: (Time is in decaauts)
 A = Elapsed time spent in this place.
 B = Non-inter-level travel time spent in this place.
 C = Inter-level travel time spent in this place.
 D = Time resting spent in this place.
 E = Time spent auto-exploring this place.
 F = Levels seen in this place.
 G = Mean time per level.
                   A        B        C        D        E       F      G
               +--------+--------+--------+--------+--------+-----+--------+
         Total |   2675 |   2456 |    219 |      0 |      0 |   7 |  382.1 |
       Dungeon |   2675 |   2456 |    219 |      0 |      0 |   7 |  382.1 |
               +--------+--------+--------+--------+--------+-----+--------+

Top non-repeatable levels by time:
     D:6: 708 daAuts
     D:3: 535 daAuts
     D:2: 513 daAuts
     D:5: 478 daAuts
     D:1: 224 daAuts
     D:7: 138 daAuts
     D:4: 76 daAuts
